 Dungeon Crawl Stone Soup version 0.31.0-11-ge490571c62 (webtiles) character file.

Game seed: 4562115219008028838

98 mopl the Sneak (level 4, 0/33 HPs)
             Began as a Draconian Enchanter on Feb 7, 2024.
             Slain by a gnoll
             ... wielding a +0 halberd
              (4 damage)
             ... on level 2 of the Dungeon.
             The game lasted 00:01:56 (1242 turns).

mopl the Sneak (Draconian Enchanter)                Turns: 1242, Time: 00:01:57

Health: 0/33       AC:  5    Str: 10    XL:     4   Next: 44%
Magic:  0/8        EV: 12    Int: 18    God:
Gold:   86         SH:  0    Dex: 11    Spells: 0/8 levels left

rFire   . . .        a - +0 dagger (venom)
rCold   . . .        (no shield)
rNeg    . . .        (body armour unavailable)
rPois   .            (helmet restricted)
rElec   .            (no cloak)
rCorr   .            (no gloves)
SInv    .            (no boots)
Will    .....        (no amulet)
Stlth   ++           (no ring)
HPRegen 0.25/turn    (no ring)
MPRegen 0.11/turn

%: no passive effects
@: no status effects
A: AC +5, unfitting armour, cold-blooded
a: no special abilities


You were on level 2 of the Dungeon.
You visited 1 branch of the dungeon, and saw 2 of its levels.

You collected 86 gold pieces.

Inventory:

Hand Weapons
 a - a +0 dagger of venom (weapon)
Scrolls
 c - 3 scrolls of identify {unknown}
 d - a scroll of revelation {unknown}
 e - 2 scrolls of fear {unknown}
 f - a scroll of noise {unknown}
 g - a scroll of amnesia {unknown}
 h - a scroll of silence {unknown}
 i - a scroll of fog {unknown}
 j - a scroll of butterflies {unknown}
 k - a scroll of blinking {unknown}
Potions
 b - 2 potions of invisibility
 l - a potion of cancellation {unknown}


   Skills:
 - Level 1.0 Short Blades
 - Level 1.7 Dodging
 + Level 3.7 Stealth
 + Level 2.9 Spellcasting
 + Level 3.5 Hexes


You couldn't memorise any spells.
You knew the following spells:

 Your Spells              Type           Power      Damage    Failure   Level
b - Ensorcelled Hibernat  Hex/Ice        18%        N/A       12%         2
c - Confusing Touch       Hex            15%        N/A       12%         3
d - Tukima's Dance        Hex            15%        N/A       12%         3

Your spell library contained the following spells:

 Spells                   Type           Power      Damage    Failure   Level
 Dazzling Flash           Conj/Hex       18%        N/A       24%         3


Dungeon Overview and Level Annotations

Branches:
Dungeon (2/15)

Altars:


Innate Abilities, Weirdness & Mutations

Your plain brown scales are hard. (AC +5)
You cannot fit into any form of body armour.
You are cold-blooded and may be slowed by cold attacks.


Message History

The rat closely misses you.
You hit the rat.
You kill the rat!
The gnoll hits you from afar with a +0 halberd!
Casting: Ensorcelled Hibernation (safe; 12% risk of failure)
Confirm with . or Enter, or press ? or * to list all spells.
Aiming: Ensorcelled Hibernation (safe; 12% risk of failure)
Press: ? - help, Shift-Dir - straight line, f - gnoll
Aim: a gnoll, wielding a +0 halberd (chance to affect: 51%)
The gnoll resists with significant effort.
The gnoll hits you from afar with a +0 halberd!
* * * LOW HITPOINT WARNING * * *
Unknown command.
Casting: Ensorcelled Hibernation (safe; 12% risk of failure)
Confirm with . or Enter, or press ? or * to list all spells.
Aiming: Ensorcelled Hibernation (safe; 12% risk of failure)
Press: ? - help, Shift-Dir - straight line, f/p - gnoll
Aim: a gnoll, wielding a +0 halberd (chance to affect: 51%)
The gnoll resists with significant effort.
The gnoll hits you from afar with a +0 halberd.
* * * LOW HITPOINT WARNING * * *
Casting: Ensorcelled Hibernation (safe; 12% risk of failure)
Confirm with . or Enter, or press ? or * to list all spells.
Aiming: Ensorcelled Hibernation (safe; 12% risk of failure)
Press: ? - help, Shift-Dir - straight line, f/p - gnoll
Aim: a gnoll, wielding a +0 halberd (chance to affect: 51%)
The gnoll resists with significant effort.
The gnoll misses you.
Casting: Ensorcelled Hibernation (safe; 12% risk of failure)
Confirm with . or Enter, or press ? or * to list all spells.
Aiming: Ensorcelled Hibernation (safe; 12% risk of failure)
Press: ? - help, Shift-Dir - straight line, f/p - gnoll
Aim: a gnoll, wielding a +0 halberd (chance to affect: 51%)
The gnoll resists with significant effort.
A goblin comes into view. It is wielding a +0 club.
The gnoll barely misses you.
The goblin shouts!
You hear a shout!
The gnoll attacks as it pursues you!
The gnoll hits you from afar with a +0 halberd.
You die...

#8.###8.###8.###8)#........#
#.................'........#
#.##########################
..#### ....##### ..>..#
#.....$.# ...### #)......#
...# #.......#.# ##.#
+.......g.# #.#
###.@.g...... #.#
##.........#.. #.#
#..........# #.######
#..#.......# #.##...#
#..#.......#
#.##.#.####..###+#.....
#................#######
##################


You could see a gnoll and a goblin.

Vanquished Creatures
  Terence (D:2)
  2 adders (D:2)
  2 ribbon worms (D:2)
  A dart slug (D:2)
  8 ball pythons
  6 endoplasms
  2 giant cockroaches (D:1)
  3 goblins (D:1)
  3 hobgoblins (D:1)
  3 jackals
  3 quokkas
  3 bats (D:1)
  3 frilled lizards
  2 kobolds
  4 rats
46 creatures vanquished.

Notes
Turn   | Place    | Note
-------+----------+-------------------------------------------
     0 | D:1      | mopl the Draconian Enchanter began the quest for the Orb.
     0 | D:1      | Reached XP level 1. HP: 14/14 MP: 3/3
   113 | D:1      | Reached XP level 2. HP: 20/20 MP: 5/5
   116 | D:1      | Learned a level 2 spell: Ensorcelled Hibernation
   665 | D:2      | Noticed Terence
   670 | D:2      | Killed Terence
   671 | D:2      | Reached XP level 3. HP: 16/26 MP: 6/6
   675 | D:2      | Learned a level 3 spell: Confusing Touch
   794 | D:2      | Reached XP level 4. HP: 28/33 MP: 4/8
   800 | D:2      | Learned a level 3 spell: Tukima's Dance
  1242 | D:2      | Slain by a gnoll

Illustrated notes

Levels and vault maps discovered:
D:1:      matt_arrival_grand_opening, layout_loops_ring
D:2:      wad_river_or_something, layout_basic, uniq_terence

Skill      XL: |  1  2 |
---------------+-------+-----
Stealth        | 3 |  3.7
Hexes          | 3 |  3.5
Short Blades   | |  1.0
Dodging        | |  1.7
Spellcasting   | |  2.9

Action                     |  1- 3 |  4- 6 || total
---------------------------+-------+-------++-------
  Melee: Dagger            |    81 |    39 ||   120
         Tailslap          |     8 |     3 ||    11
         Punch             |     1 |       ||     1
   Cast: Ensorcelled Hiber |     3 |     6 ||     9
   Stab: Sleeping          |    11 |     8 ||    19
 Armour: Skin              |    36 |    18 ||    54
  Dodge: Dodged            |    42 |    21 ||    63
